3AA
BILLINGS POLAR BEARS @ YAKIMA HOPS
05/19/2029
 
TOP OF THE 1ST
Billings Polar Bears batting - Pitching for Yakima Hops : RHP Brian Walker
Pitching: RHP Brian Walker
Batting: RHB Mariano Sánchez 0-0: Ground out U3 (Groundball, 3)
Batting: LHB Arturo Gonzáles 0-0: Ball
1-0: Called Strike
1-1: Ball
2-1: Swinging Strike
2-2: Strikes out swinging
Batting: LHB Augustus Driscoll 0-0: Ball
1-0: Ball
2-0: Foul Ball, location: 2F
2-1: SINGLE (Line Drive, 4D)
Batting: RHB Arturo Scantlebury 0-0: Called Strike
0-1: DOUBLE (Line Drive, 8LD)
Augustus Driscoll to third
Runner from 3rd tries for Home, SAFE, no throw
Batting: RHB Jay Parker 0-0: Swinging Strike
0-1: Swinging Strike
0-2: Ball
1-2: Strikes out swinging
Top of the 1st over - 1 run, 2 hits, 0 errors, 1 left on base; Billings 1 - Yakima 0
BOTTOM OF THE 1ST
Yakima Hops batting - Pitching for Billings Polar Bears : RHP Steve Bryan
Pitching: RHP Steve Bryan
Batting: SHB José Ángel 0-0: Swinging Strike
0-1: Ball
1-1: Swinging Strike
1-2: Ball
2-2: Foul Ball, location: 2F
2-2: Foul Ball, location: 2F
2-2: SINGLE (Line Drive, 8RS)
Batting: RHB Colin O'Connell 0-0: Ball
1-0: 2-RUN HOME RUN (Flyball, 9LD), Distance : 347 ft
Batting: SHB José Rico 0-0: Ball
1-0: Called Strike
1-1: Ball
2-1: Ball
3-1: Foul Ball, location: 2F
3-2: Fly out, F8 (Line Drive, 8RD)
Batting: RHB Jud Regan 0-0: Foul Ball, location: 2F
0-1: Ground out 6-3 (Groundball, 6)
Batting: RHB Xavier Gama 0-0: Called Strike
0-1: Ball
1-1: Ball
2-1: Ball
3-1: Called Strike
3-2: Foul Ball, location: 2F
3-2: Foul Ball, location: 2F
3-2: Foul Ball, location: 2F
3-2: Base on Balls
Batting: LHB Bob Maher 0-0: Ball
Xavier Gama steals 2nd base
1-0: Fly out, F9 (Line Drive, 9D)
Bottom of the 1st over - 2 runs, 2 hits, 0 errors, 1 left on base; Billings 1 - Yakima 2
TOP OF THE 2ND
Billings Polar Bears batting - Pitching for Yakima Hops : RHP Brian Walker
Batting: SHB Juan Carlos Santos 0-0: Swinging Strike
0-1: Swinging Strike
0-2: Strikes out looking
Batting: RHB Steve Dunn 0-0: Called Strike
0-1: Ball
1-1: Swinging Strike
1-2: Strikes out swinging
Batting: LHB Steve Sconiers 0-0: Foul Ball, location: 2F
0-1: Ball
1-1: Fly out, F7 (Flyball, 7S)
Top of the 2nd over - 0 runs, 0 hits, 0 errors, 0 left on base; Billings 1 - Yakima 2
BOTTOM OF THE 2ND
Yakima Hops batting - Pitching for Billings Polar Bears : RHP Steve Bryan
Batting: RHB Luis Rodríguez 0-0: Foul Ball, location: 2F
0-1: Ball
1-1: Ball
2-1: Foul Ball, location: 2F
2-2: DOUBLE (Line Drive, 7D)
Batting: RHB Mario Salazar 0-0: Ball
1-0: Swinging Strike
1-1: Ground out 4-3 (Groundball, 4MS)
Luis Rodríguez to third
Batting: RHB Carl Herbert 0-0: Fly out, F6 (Line Drive, 6M)
Batting: SHB José Ángel 0-0: Swinging Strike
0-1: Ball
1-1: Ground out 4-3 (Groundball, 4)
Bottom of the 2nd over - 0 runs, 1 hit, 0 errors, 1 left on base; Billings 1 - Yakima 2
TOP OF THE 3RD
Billings Polar Bears batting - Pitching for Yakima Hops : RHP Brian Walker
Batting: RHB Craig Tricket 0-0: Called Strike
0-1: Foul Ball, location: 2F
0-2: Strikes out swinging
Batting: RHB Mariano Sánchez 0-0: Ball
1-0: Called Strike
1-1: Ball
2-1: Foul Ball, location: 2F
2-2: Foul Ball, location: 2F
2-2: Ground out 4-3 (Groundball, 4S)
Batting: LHB Arturo Gonzáles 0-0: Ground out 4-3 (Groundball, 4)
Top of the 3rd over - 0 runs, 0 hits, 0 errors, 0 left on base; Billings 1 - Yakima 2
BOTTOM OF THE 3RD
Yakima Hops batting - Pitching for Billings Polar Bears : RHP Steve Bryan
Batting: RHB Colin O'Connell 0-0: SINGLE (Groundball, 56D)
Batting: SHB José Rico 0-0: DOUBLE (Line Drive, 78D)
Colin O'Connell to third
Runner from 3rd tries for Home, SAFE, no throw
Batting: RHB Jud Regan 0-0: Ball
1-0: Swinging Strike
1-1: Ball
2-1: Ball
3-1: Ground out 5-3 (Groundball, 2L)
José Rico to third
Batting: RHB Xavier Gama 0-0: Foul Ball, location: 2F
0-1: Called Strike
0-2: Ball
1-2: Foul Ball, location: 2F
1-2: SINGLE (Line Drive, 78M)
José Rico scores
Pitching: RHP Don Miller
Batting: LHB Bob Maher 0-0: Ball
1-0: Ball
Xavier Gama steals 2nd base
2-0: Ball
3-0: Base on Balls
Batting: RHB Luis Rodríguez 0-0: Ball
1-0: Called Strike
1-1: Called Strike
1-2: Strikes out looking
Batting: RHB Mario Salazar 0-0: Ball
1-0: Ball
2-0: Foul Ball, location: 2F
2-1: Ground out U3 (Groundball, 34)
Bottom of the 3rd over - 2 runs, 3 hits, 0 errors, 2 left on base; Billings 1 - Yakima 4
TOP OF THE 4TH
Billings Polar Bears batting - Pitching for Yakima Hops : RHP Brian Walker
Batting: LHB Augustus Driscoll 0-0: Ball
1-0: Called Strike
1-1: Ball
2-1: Swinging Strike
2-2: Foul Ball, location: 2F
2-2: Ball
3-2: SINGLE (Line Drive, 34D)
Batting: RHB Arturo Scantlebury 0-0: Called Strike
0-1: Fly out, F8 (Line Drive, 8LD)
Batting: RHB Jay Parker 0-0: Ball
1-0: Foul Ball, location: 2F
1-1: Ball
2-1: SINGLE (Groundball, 6MD)
Augustus Driscoll to second
Batting: SHB Juan Carlos Santos 0-0: Ball
1-0: Ball
2-0: Ball
3-0: Called Strike
3-1: Base on Balls
Augustus Driscoll to third
Jay Parker to second
Batting: RHB Steve Dunn 0-0: Ball
1-0: Called Strike
1-1: Ball
2-1: Ball
3-1: Called Strike
3-2: Base on Balls
Augustus Driscoll scores
Jay Parker to third
Juan Carlos Santos to second
Batting: LHB Steve Sconiers 0-0: TRIPLE (Line Drive, 78XD)
Jay Parker scores
Juan Carlos Santos scores
Steve Dunn scores
Batting: RHB Craig Tricket 0-0: Fly out, F7 (Flyball, 7LMF)
Runner from 3rd tags up, SCORES, no throw
Batting: RHB Mariano Sánchez 0-0: Ball
1-0: Called Strike
1-1: Called Strike
1-2: Foul Ball, location: 2F
1-2: Ball
2-2: Ball
3-2: Fly out, F9 (Flyball, 89S)
Top of the 4th over - 5 runs, 3 hits, 0 errors, 0 left on base; Billings 6 - Yakima 4
BOTTOM OF THE 4TH
Yakima Hops batting - Pitching for Billings Polar Bears : RHP Don Miller
Batting: RHB Carl Herbert 0-0: Called Strike
0-1: Ball
1-1: Foul Ball, location: 2F
1-2: Foul Ball, location: 2F
1-2: Ground out 5-3 (Groundball, 56S)
Batting: SHB José Ángel 0-0: Ball
1-0: Foul Ball, location: 2F
1-1: Ball
2-1: Ball
3-1: Foul Ball, location: 2F
3-2: Foul Ball, location: 2F
3-2: SINGLE (Flyball, 8RS)
Batting: RHB Colin O'Connell 0-0: SINGLE (Groundball, 4MD)
José Ángel to second
Batting: SHB José Rico 0-0: Called Strike
Colin O'Connell steals 2nd base
José Ángel to third
0-1: Foul Ball, location: 2F
0-2: Strikes out swinging
Batting: RHB Jud Regan 0-0: Ball
1-0: Ball
2-0: Called Strike
2-1: Ball
3-1: Called Strike
3-2: Strikes out looking
Bottom of the 4th over - 0 runs, 2 hits, 0 errors, 2 left on base; Billings 6 - Yakima 4
TOP OF THE 5TH
Billings Polar Bears batting - Pitching for Yakima Hops : RHP Brian Walker
Batting: LHB Arturo Gonzáles 0-0: Called Strike
0-1: Ball
1-1: Ground out 4-3 (Groundball, 4)
Batting: LHB Augustus Driscoll 0-0: Ball
1-0: Ball
2-0: Called Strike
2-1: SINGLE (Line Drive, 3L)
Batting: RHB Arturo Scantlebury 0-0: Ball
1-0: Foul Ball, location: 2F
1-1: Swinging Strike
1-2: Reached on error, E7 (Flyball, 7)
Augustus Driscoll to second
Batting: RHB Jay Parker 0-0: Ball
1-0: Ball
2-0: Called Strike
2-1: Called Strike
2-2: Ball
3-2: Ground out 5-3 (Groundball, 56S)
Augustus Driscoll to third
Arturo Scantlebury to second
Batting: SHB Juan Carlos Santos 0-0: Ground out U3 (Groundball, 3)
Top of the 5th over - 0 runs, 1 hit, 1 error, 2 left on base; Billings 6 - Yakima 4
BOTTOM OF THE 5TH
Yakima Hops batting - Pitching for Billings Polar Bears : RHP Don Miller
Batting: RHB Xavier Gama 0-0: Ball
1-0: Foul Ball, location: 2F
1-1: Ball
2-1: Foul Ball, location: 2F
2-2: Ball
3-2: Foul Ball, location: 2F
3-2: SINGLE (Groundball, 6MD)
Batting: LHB Bob Maher 0-0: Called Strike
0-1: Ball
1-1: Foul Ball, location: 2F
1-2: Foul Ball, location: 2F
1-2: Ground out 5-3 (Groundball, 56S)
Xavier Gama to second
Batting: RHB Luis Rodríguez 0-0: Ground out 6-3 (Groundball, 6)
Xavier Gama to third
Batting: RHB Mario Salazar 0-0: Ball
1-0: Ground out 6-3 (Groundball, 6)
Bottom of the 5th over - 0 runs, 1 hit, 0 errors, 1 left on base; Billings 6 - Yakima 4
TOP OF THE 6TH
Billings Polar Bears batting - Pitching for Yakima Hops : RHP Brian Walker
Batting: RHB Steve Dunn 0-0: Called Strike
0-1: Ball
1-1: Called Strike
1-2: Ball
2-2: Ball
3-2: Foul Ball, location: 2F
3-2: Foul Ball, location: 2F
3-2: SINGLE (Line Drive, 5)
Pitching: RHP Jesús Pineda
Batting: LHB Steve Sconiers 0-0: Ball
1-0: Swinging Strike
1-1: Foul Ball, location: 2F
1-2: Ball
2-2: Strikes out swinging
Batting: RHB Craig Tricket 0-0: Called Strike
0-1: SINGLE (Flyball, 9LS)
Steve Dunn to second
Runner from 2nd tries for 3rd, OUT!
Batting: RHB Mariano Sánchez 0-0: Ball
1-0: Swinging Strike
1-1: SINGLE (Groundball, 56) (infield hit)
Craig Tricket to second
Batting: LHB Arturo Gonzáles 0-0: Ball
1-0: Swinging Strike
1-1: SINGLE (Groundball, 6D)
Craig Tricket to third
Mariano Sánchez to second
Runner from 3rd tries for Home, SAFE, no throw
Batting: LHB Augustus Driscoll 0-0: Called Strike
0-1: Ball
Mariano Sánchez steals 3rd base
Arturo Gonzáles to second
1-1: Called Strike
1-2: Ball
2-2: Foul Ball, location: 2F
2-2: DOUBLE (Line Drive, 8RD)
Mariano Sánchez scores
Arturo Gonzáles scores
Pitching: RHP Chris Lynskey
Batting: RHB Arturo Scantlebury 0-0: Called Strike
0-1: Foul Ball, location: 2F
0-2: Ground out 6-3 (Groundball, 6M)
Top of the 6th over - 3 runs, 5 hits, 0 errors, 1 left on base; Billings 9 - Yakima 4
BOTTOM OF THE 6TH
Yakima Hops batting - Pitching for Billings Polar Bears : RHP Don Miller
Batting: RHB Carl Herbert 0-0: Ball
1-0: Ball
2-0: Called Strike
2-1: Fly out, F7 (Flyball, 78M)
Batting: SHB José Ángel 0-0: Swinging Strike
0-1: Called Strike
0-2: Ball
1-2: Foul Ball, location: 2F
1-2: Ball
2-2: Ball
3-2: Ground out 1-3 (Groundball, 13)
Batting: RHB Colin O'Connell 0-0: Ball
1-0: Swinging Strike
1-1: Foul Ball, location: 2F
1-2: Strikes out looking
Bottom of the 6th over - 0 runs, 0 hits, 0 errors, 0 left on base; Billings 9 - Yakima 4
TOP OF THE 7TH
Billings Polar Bears batting - Pitching for Yakima Hops : RHP Chris Lynskey
Batting: RHB Jay Parker 0-0: Ball
1-0: Ball
2-0: Called Strike
2-1: Foul Ball, location: 2F
2-2: Ball
3-2: Foul Ball, location: 2F
3-2: Fly out, F9 (Flyball, 89S)
Batting: SHB Juan Carlos Santos 0-0: Called Strike
0-1: Ball
1-1: SINGLE (Groundball, 4D)
Batting: RHB Steve Dunn 0-0: Swinging Strike
0-1: Swinging Strike
0-2: Foul Ball, location: 2F
0-2: Ball
1-2: Foul Ball, location: 2F
1-2: Foul Ball, location: 2F
1-2: Foul Ball, location: 2F
1-2: Foul Ball, location: 2F
1-2: Fly out, F7 (Line Drive, 78D)
Batting: LHB Steve Sconiers 0-0: Fly out, F9 (Line Drive, 9)
Top of the 7th over - 0 runs, 1 hit, 0 errors, 1 left on base; Billings 9 - Yakima 4
BOTTOM OF THE 7TH
Yakima Hops batting - Pitching for Billings Polar Bears : RHP Don Miller
Batting: SHB José Rico 0-0: Ball
1-0: Called Strike
1-1: Foul Ball, location: 2F
1-2: Ball
2-2: Ground out U3 (Groundball, 3)
Batting: RHB Jud Regan 0-0: Fly out, F3 (Popup, 34S)
Batting: RHB Xavier Gama 0-0: Fly out, F6 (Line Drive, 6M)
Bottom of the 7th over - 0 runs, 0 hits, 0 errors, 0 left on base; Billings 9 - Yakima 4
TOP OF THE 8TH
Billings Polar Bears batting - Pitching for Yakima Hops : RHP Chris Lynskey
Batting: RHB Craig Tricket 0-0: Ball
1-0: Ball
2-0: Foul Ball, location: 2F
2-1: Ball
3-1: Base on Balls
Batting: RHB Mariano Sánchez 0-0: Swinging Strike
Error on foul ball, E5
0-2: Ball
1-2: Ground out 5-3 (Groundball, 56S)
Craig Tricket to second
Batting: LHB Arturo Gonzáles 0-0: Foul Ball, location: 2F
0-1: Foul Ball, location: 2F
0-2: Ball
1-2: Foul Ball, location: 2F
1-2: Foul Ball, location: 2F
1-2: SINGLE (Line Drive, 78M)
Craig Tricket to third
Batting: LHB Augustus Driscoll 0-0: Ball
Arturo Gonzáles steals 2nd base
1-0: Called Strike
1-1: Ball
2-1: Swinging Strike
2-2: Ball
3-2: SINGLE (Groundball, 56D)
Craig Tricket scores
Arturo Gonzáles to third
Runner from 3rd tries for Home, SAFE, no throw
Batting: RHB Arturo Scantlebury 0-0: Called Strike
0-1: Swinging Strike
0-2: Ball
1-2: Foul Ball, location: 2F
1-2: Foul Ball, location: 2F
1-2: Strikes out swinging
Batting: RHB Jay Parker 0-0: Ground out 4-3 (Groundball, 4)
Top of the 8th over - 2 runs, 2 hits, 1 error, 1 left on base; Billings 11 - Yakima 4
BOTTOM OF THE 8TH
Yakima Hops batting - Pitching for Billings Polar Bears : RHP Don Miller
Now at 1B: Sam Good
Batting: LHB Bob Maher 0-0: Ball
1-0: Ball
2-0: Ground out U3 (Groundball, 34S)
Pitching: RHP Iwane Chihara
Batting: RHB Luis Rodríguez 0-0: Ball
1-0: Fly out, F5 (Line Drive, 56S)
Batting: RHB Mario Salazar 0-0: Ground out 4-3 (Groundball, 4)
Bottom of the 8th over - 0 runs, 0 hits, 0 errors, 0 left on base; Billings 11 - Yakima 4
TOP OF THE 9TH
Billings Polar Bears batting - Pitching for Yakima Hops : RHP Chris Lynskey
Batting: SHB Juan Carlos Santos 0-0: Fly out, F8 (Flyball, 8RM)
Pinch Hitting: RHB Chi-ju Zhang 0-0: Ball
1-0: Ball
2-0: Ball
3-0: Swinging Strike
3-1: Swinging Strike
3-2: Reached on error, E1 (Groundball, 13S)
Pitching: RHP Mark Poirer
Batting: LHB Steve Sconiers 0-0: Called Strike
0-1: Called Strike
0-2: Fly out, F5 (Popup, 15)
Batting: RHB Craig Tricket
Pinch Hitting: RHB Dave Henderson 0-0: Foul Ball, location: 2F
0-1: Ball
1-1: Ball
2-1: Swinging Strike
2-2: Ball
Pickoff Throw by Catcher to First - Error! E2
Chi-ju Zhang to second
3-2: Strikes out swinging
Top of the 9th over - 0 runs, 0 hits, 2 errors, 1 left on base; Billings 11 - Yakima 4
BOTTOM OF THE 9TH
Yakima Hops batting - Pitching for Billings Polar Bears : RHP Iwane Chihara
Now at C: Juan Rico
Now at 3B: Dale Blair
Batting: RHB Carl Herbert 0-0: Ball
1-0: Fly out, F3 (Popup, 34S)
Batting: SHB José Ángel 0-0: Ball
1-0: Ball
2-0: Ground out 6-3 (Groundball, 6M)
Batting: RHB Colin O'Connell 0-0: Swinging Strike
0-1: SINGLE (Flyball, 78M)
Batting: SHB José Rico 0-0: Called Strike
0-1: Ball
1-1: Called Strike
1-2: 2-RUN HOME RUN (Flyball, 9LD), Distance : 344 ft
Batting: RHB Jud Regan 0-0: Called Strike
0-1: Foul Ball, location: 2F
0-2: Foul Ball, location: 2F
0-2: Foul Ball, location: 2F
0-2: Foul Ball, location: 2F
0-2: SINGLE (Line Drive, 8LS)
Batting: RHB Xavier Gama 0-0: Ball
1-0: Ball
2-0: Foul Ball, location: 2F
2-1: SINGLE (Groundball, 34D)
Jud Regan to second
Batting: LHB Bob Maher 0-0: Foul Ball, location: 2F
0-1: Foul Ball, location: 2F
0-2: Foul Ball, location: 2F
0-2: Fly out, F9 (Flyball, 9S)
Bottom of the 9th over - 2 runs, 4 hits, 0 errors, 2 left on base; Billings 11 - Yakima 6
Tuesday, December 19th, 2017 - OOTP Baseball 18.8 Build 76